Map: Oblivion Express

Players

NamroodTuo

  • Race: Terran Terran
  • Spawn Location: 0:00

OrAzur

  • Race: Protoss Protoss
  • Spawn Location: 12:00

VOD

Have the link to the VOD?

Description

Time

  • Played on: Jan. 28, 2023, 9:32 a.m.
  • Length: 17:05
Show
View Real Time Build Order
Export as new Build Order

NamroodTuo Terran 

Build Orders:  

Get SALT Encoding   

  12  0:03  SCV  
  13  0:17  SCV  
  14  0:30  SCV  
  14  0:36  Supply Depot  
  15  0:55  Factory  
  15  0:58  SCV  
  16  1:12  SCV  
  17  1:25  SCV, Supply Depot  
  18  1:39  SCV  
  19  1:52  SCV  
  20  2:00  Perdition Turret  
  20  2:11  Supply Depot  
  20  2:12  SCV  
  21  2:26  SCV  
  22  2:34  Perdition Turret  
  22  2:39  SCV  
  22  2:46  Devastation Turret  
  23  2:53  SCV  
  24  3:00  Devastation Turret  
  24  3:06  SCV  
  25  3:20  SCV  
  25  3:24  Supply Depot  
  26  3:34  SCV  
  27  3:42  Refinery  
  27  3:47  SCV  
  27  3:48  Refinery  
  28  4:01  SCV  
  29  4:14  SCV, Devastation Turret  
  30  4:28  SCV  
  31  4:30  Perdition Turret x2  
  31  4:31  Devastation Turret  
  31  4:41  SCV  
  32  4:54  Devastation Turret  
  32  5:01  SCV  
  33  5:10  Devastation Turret  
  33  5:15  SCV  
  34  5:23  Devastation Turret  
  34  5:28  SCV  
  35  5:36  Devastation Turret  
  35  5:45  Engineering Bay  
  35  6:05  Perdition Turret  
  35  6:06  SCV, Perdition Turret  
  36  6:12  Armory  
  36  6:20  SCV  
  37  6:33  SCV  
  37  6:34  Spinning Dizzy  
  37  6:35  Spinning Dizzy  
  37  6:39  Perdition Turret  
  38  6:47  SCV  
  39  6:53  Perdition Turret  
  39  7:12  SCV  
  40  7:26  Devastation Turret  
  40  7:27  Devastation Turret  
  40  7:31  Perdition Turret x2, Devastation Turret  
  40  7:36  Perdition Turret  
  40  7:38  Perdition Turret  
  40  7:46  Devastation Turret  
  40  8:04  Command Center  
  40  8:15  Devastation Turret  
  40  8:33  Devastation Turret  
  40  8:46  Devastation Turret  
  40  8:58  Devastation Turret  
  40  9:10  Devastation Turret  
  40  9:23  Devastation Turret  
  40  9:46  Devastation Turret  
  40  10:03  Perdition Turret  
  40  10:16  SCV  
  40  10:19  Perdition Turret, Devastation Turret  
  41  10:20  Spinning Dizzy  
  41  10:29  SCV  
  41  10:37  Devastation Turret  
  41  10:43  SCV  
  41  10:47  Perdition Turret  
  39  10:56  SCV  
  39  10:57  SCV  
  41  11:09  SCV  
  41  11:10  SCV  
  41  11:13  Upgrade Laser Drill Level 1  
  43  11:20  Spinning Dizzy  
  43  11:22  Devastation Turret  
  43  11:23  SCV, Perdition Turret  
  44  11:36  SCV  
  45  11:42  Spinning Dizzy  
  45  11:47  Perdition Turret  
  45  11:51  Fire-Suppression Systems  
  45  11:56  SCV  
  46  12:08  Perdition Turret  
  46  12:09  SCV  
  46  12:10  Perdition Turret  
  46  12:16  Perdition Turret  
  46  12:18  Perdition Turret  
  47  12:23  SCV  
  47  12:28  Perdition Turret  
  47  12:32  Perdition Turret  
  47  12:33  Perdition Turret  
  46  12:40  Devastation Turret  
  46  12:49  Perdition Turret  
  44  12:50  KMC Auto-Loaders  
  44  12:52  Perdition Turret, Devastation Turret  
  44  12:55  Perdition Turret  
  44  13:12  Spinning Dizzy  
  44  13:23  Spinning Dizzy  
  44  13:25  Devastation Turret  
  44  13:37  Devastation Turret  
  44  13:41  SCV  
  45  13:50  Perdition Turret  
  45  13:52  Perdition Turret  
  45  13:54  SCV  
  46  14:06  Devastation Turret  
  46  14:08  SCV, Devastation Turret  
  47  14:10  Devastation Turret  
  47  14:39  Hi-Sec Auto Tracking  
  47  14:42  Regenerative Bio-Steel  
  47  14:52  SCV  
  48  15:05  SCV  
  49  15:10  Devastation Turret  
  49  15:19  SCV  
  46  15:24  Devastation Turret  
  46  15:26  Perdition Turret  
  46  15:32  SCV, Perdition Turret  
  46  15:37  Perdition Turret  
  46  15:39  Structure Armor, Perdition Turret  
  45  15:40  Spinning Dizzy  
  45  15:46  SCV  
  45  15:48  Perdition Turret  
  43  16:07  Spinning Dizzy  
  40  16:15  Devastation Turret  
  38  16:25  Devastation Turret  
  34  16:42  Devastation Turret  
Show
View Real Time Build Order
Export as new Build Order

OrAzur Protoss 

Build Orders:  

Get SALT Encoding   

  12  0:03  Probe (Chrono Boost)  
  13  0:17  Probe (Chrono Boost)  
  14  0:25  Assimilator  
  14  0:33  Probe (Chrono Boost)  
  15  0:42  Pylon  
  15  0:49  Assimilator  
  15  1:07  Probe (Chrono Boost)  
  16  1:21  Probe (Chrono Boost)  
  16  1:28  Gateway  
  17  1:34  Probe (Chrono Boost)  
  18  1:47  Gateway  
  18  1:48  Probe (Chrono Boost)  
  19  2:02  Probe (Chrono Boost)  
  19  2:08  Pylon  
  20  2:16  Probe (Chrono Boost)  
  21  2:30  Probe (Chrono Boost)  
  22  2:44  Probe (Chrono Boost)  
  23  2:51  Pylon  
  23  2:58  Probe (Chrono Boost)  
  23  2:59  Pylon  
  24  3:04  Pylon  
  24  3:10  Pylon  
  24  3:20  Cybernetics Core  
  24  3:24  Forge  
  24  3:29  Assimilator  
  24  3:35  Assimilator  
  24  4:09  Nexus  
  26  4:32  Photon Cannon  
  26  4:46  Warp Gate  
  24  4:51  Stargate  
  24  4:58  Stargate  
  24  5:11  Stargate  
  24  5:14  Stalker  
  26  5:26  Stalker  
  28  5:48  Stalker  
  30  6:05  Void Ray  
  30  6:08  Stalker  
  36  6:22  Stalker  
  36  6:26  Probe (Chrono Boost)  
  37  6:37  Probe (Chrono Boost)  
  40  6:40  Probe (Chrono Boost)  
  39  6:51  Oracle  
  39  6:54  Probe x2 (Chrono Boost)  
  39  7:11  Void Ray  
  46  7:26  Fleet Beacon  
  46  7:27  Probe (Chrono Boost)  
  47  7:41  Probe (Chrono Boost)  
  47  7:48  Probe (Chrono Boost)  
  49  7:53  Protoss Air Weapons Level 1  
  49  7:56  Probe (Chrono Boost)  
  49  7:58  Protoss Shields Level 1  
  50  8:01  Void Ray  
  50  8:05  Probe (Chrono Boost)  
  51  8:13  Probe (Chrono Boost)  
  57  8:21  Void Ray  
  57  8:22  Probe (Chrono Boost)  
  58  8:30  Probe (Chrono Boost)  
  58  8:39  Probe (Chrono Boost)  
  63  8:44  Void Ray  
  67  8:50  Void Ray  
  71  9:18  Void Ray  
  75  10:12  Cybernetics Core  
  75  10:17  Stargate  
  75  10:23  Stargate  
  75  10:40  Void Ray  
  75  10:51  Void Ray  
  77  11:11  Protoss Air Weapons Level 2  
  77  11:12  Protoss Air Armor Level 1  
  77  11:29  Twilight Council  
  77  11:38  Pylon  
  77  11:41  Pylon  
  77  11:44  Pylon  
  77  11:52  Void Ray x2  
  77  12:06  Void Ray  
  77  12:08  Pylon  
  89  12:13  Pylon  
  89  12:18  Pylon  
  72  12:22  Void Ray  
  72  12:23  Void Ray  
  78  12:41  Void Ray x2  
  86  13:06  Void Ray  
  90  13:22  Void Ray  
  90  13:23  Void Ray  
  90  13:27  Photon Cannon  
  90  13:29  Photon Cannon  
  98  13:30  Void Ray  
  98  13:32  Photon Cannon  
  98  13:36  Photon Cannon  
  82  13:46  Void Ray  
  82  14:05  Void Ray  
  62  14:21  Void Ray  
  62  14:22  Void Ray  
  62  14:41  Void Ray  
  66  15:30  Void Ray x2  
  52  15:41  Void Ray  
  44  15:54  Photon Cannon  
Tags
 
Commander
SwannVorazun
Matchup
Co-op
Replay Pack
Multiplayer
Add a new tag
Caveats
  • Supply blocks, unpowered buildings, or Contaminate may cause inaccurate times.
  • Supply counts are checked every 10 seconds.